 Dungeon Crawl Stone Soup version 0.31-a0-859-g9dce7d3444 (webtiles) character file.

Game seed: 13058432688337720306

172 Joe69 the Shooter (level 5, -1/45 HPs)
             Began as a Minotaur Hunter on Oct 10, 2023.
             Slain by Blork the orc
             ... wielding a +0 halberd
              (6 damage)
             ... on level 5 of the Dungeon.
             The game lasted 00:12:16 (2616 turns).

Joe69 the Shooter (Minotaur Hunter)                 Turns: 2616, Time: 00:12:18

Health: -1/45      AC:  8    Str: 16    XL:     5   Next: 27%
Magic:  4/4        EV:  8    Int:  6    God:
Gold:   197        SH:  0    Dex: 15    Spells: 4/4 levels left

rFire   x . .        a - +0 shortbow
rCold   . . .        (shield currently unavailable)
rNeg    . . .        i - +0 chain mail "Otegih" {rPois rF- Regen+ Slay+2}
rPois   +            (helmet restricted)
rElec   .            (no cloak)
rCorr   .            (no gloves)
SInv    .            (no boots)
Will    .....        (no amulet) Stlth
                     (no ring)
HPRegen 1.07/turn    (no ring)
MPRegen 0.09/turn

%: no passive effects
@: no status effects
A: horns 2, retaliatory headbutt
a: no special abilities


You were on level 5 of the Dungeon.
You visited 1 branch of the dungeon, and saw 5 of its levels.

You collected 197 gold pieces.

Inventory:

Hand Weapons
 a - a +0 shortbow (weapon)
Armour
 c - a +0 leather armour
 i - the +0 chain mail "Otegih" (worn) {rPois rF- Regen+ Slay+2}
   (You acquired it on level 2 of the Dungeon)

   Slay+2:    It affects your accuracy & damage with ranged weapons and melee
   (+2).
   rF-:       It makes you vulnerable to fire.
   rPois:     It protects you from poison Regen+: It increases your rate of
   health regeneration.
 k - a +0 barding
 q - the +1 leather armour of Wasig {SInv}
   (You found it on level 4 of the Dungeon)

   SInv:      It lets you see invisible.
Talismans
 j - a beast talisman
Scrolls
 b - a scroll of butterflies
 d - 4 scrolls of teleportation
 f - a scroll of identify
 l - a scroll of fear
 n - a scroll of acquirement
 o - a scroll of revelation
 r - a scroll of enchant weapon {unknown}
Potions
 e - 2 potions of curing {unknown}
 g - 2 potions of haste {unknown}
 h - a potion of mutation {unknown}
 m - a potion of degeneration {unknown}
 p - 2 potions of invisibility {unknown}


   Skills:
 + Level 3.6 Fighting
 + Level 6.3 Ranged Weapons
 + Level 1.2 Armour
 + Level 2.6 Dodging
 + Level 1.0 Stealth


You had 4 spell levels left.
You didn't know any spells.
Your spell library contained the following spells:

 Spells                   Type           Power      Damage    Failure   Level
 Sting                    Tmut/Pois      0%         1d3       100%        1
 Summon Small Mammal      Summ           0%         N/A       100%        1
 Poisonous Vapours        Pois/Air       0%         N/A       100%        2
 Call Canine Familiar     Summ           0%         N/A       100%        3
 Stone Arrow              Conj/Erth      0%         3d7       100%        3
 Summon Guardian Golem    Hex/Summ       0%         N/A       100%        3
 Animate Armour           Summ/Erth      0%         N/A       100%        4
 Olgreb's Toxic Radiance  Pois           0%         N/A       100%        4
 Lehudib's Crystal Spear  Conj/Erth      0%         10d2      100%        8


Dungeon Overview and Level Annotations

Branches:
Dungeon (5/15)
 Temple: D:4-7

Altars:
Okawaru
Zin

Shops:
D:1 ***!

Annotations:
D:5 Blork the orc


Innate Abilities, Weirdness & Mutations

You have a pair of horns on your head.
You reflexively headbutt those who attack you in melee.


Message History

You shoot an arrow. The arrow hits Blork the orc.
Blork the orc is severely wounded.
Blork the orc hits you from afar with a +0 halberd. x2
Fire: a) +0 shortbow
Press: ? - help, Shift-Dir - straight line, f/p - Blork the orc
Aim: Blork the orc, wielding a +0 halberd and wearing a +0 robe (severely wounded, fast, 69% to hit)
You shoot an arrow.
The arrow hits Blork the orc but does no damage.
Blork the orc is severely wounded.
Blork the orc points at you and mumbles some strange words.
The puff of frost hits you!
Blork the orc hits you from afar with a +0 halberd.
Blork the orc hits you from afar with a +0 halberd!
* * * LOW HITPOINT WARNING * * *
Fire: a) +0 shortbow
Press: ? - help, Shift-Dir - straight line, f/p - Blork the orc
Aim: Blork the orc, wielding a +0 halberd and wearing a +0 robe (severely wounded, fast, 69% to hit)
You shoot an arrow. The arrow hits Blork the orc.
Blork the orc is severely wounded.
Blork the orc barely misses you.
Blork the orc hits you from afar with a +0 halberd.
* * * LOW HITPOINT WARNING * * *
As you read the scroll of fear, it crumbles to dust.
You assume a fearsome visage.
Blork the orc looks frightened!
Fire: a) +0 shortbow
Press: ? - help, Shift-Dir - straight line, f/p - Blork the orc
Aim: Blork the orc, wielding a +0 halberd and wearing a +0 robe (severely wounded, fast, fleeing, 69% to hit)
You shoot an arrow. The arrow hits Blork the orc.
Your attack snaps Blork the orc out of his fear.
Blork the orc is almost dead.
Blork the orc hits you from afar with a +0 halberd.
* * * LOW HITPOINT WARNING * * *
Blork the orc barely misses you.
Fire: a) +0 shortbow
Press: ? - help, Shift-Dir - straight line, f/p - Blork the orc
Aim: Blork the orc, wielding a +0 halberd and wearing a +0 robe (almost dead, fast, 69% to hit)
You shoot an arrow. The arrow barely misses Blork the orc.
Blork the orc hits you but does no damage.
Blork the orc hits you from afar with a +0 halberd.
You die...

.. ..8.. #.. ...# #
#.. ### 8.8#..$
###.##.####......#
###..........8.8# .##
...........##...#
....
.........o......#
#...####.......#...##
#....#....@..######
#...<.......###
#(............##
#..............#
#......8.8.8....#
#.#.............#
#.#..##...#.##### #
##. ##...... #.
#........


You could see Blork the orc (fast).

Vanquished Creatures
  A hound (D:4)
  6 adders
  3 worms
  4 dart slugs
  5 bats
  4 endoplasms
  3 giant cockroaches
  9 goblins
  9 hobgoblins
  2 jackals (D:2)
  A kobold (D:4)
  3 quokkas
  10 ball pythons
  4 frilled lizards
  6 rats
70 creatures vanquished.

Notes
Turn   | Place    | Note
-------+----------+-------------------------------------------
     0 | D:1      | Joe69 the Minotaur Hunter began the quest for the Orb.
     0 | D:1      | Reached XP level 1. HP: 18/18 MP: 0/0
   127 | D:1      | Reached XP level 2. HP: 24/25 MP: 1/1
   145 | D:1      | Found Gesaahuag's General Store.
   185 | D:1      | Reached skill level 5 in Ranged Weapons
   236 | D:1      | Found Elesaob's Distillery.
   277 | D:1      | Found Gute's General Store.
   378 | D:1      | Found Qil Huri's General Store.
   567 | D:2      | Reached XP level 3. HP: 30/30 MP: 2/2
   688 | D:2      | Reached skill level 1 in Stealth
   829 | D:2      | Identified a scroll of acquirement
   829 | D:2      | Acquired the +0 chain mail "Otegih" {rPois rF- Regen+
                  | Slay+2}
   890 | D:2      | Reached skill level 1 in Armour
   895 | D:2      | Reached XP level 4. HP: 38/38 MP: 3/3
  1671 | D:3      | Reached skill level 6 in Ranged Weapons
  2185 | D:4      | Reached XP level 5. HP: 45/45 MP: 4/4
  2267 | D:4      | Found an iron altar of Okawaru.
  2356 | D:4      | Identified the +1 leather armour of Wasig {SInv}
  2364 | D:4      | Found a glowing silver altar of Zin.
  2578 | D:5      | Entered Level 5 of the Dungeon
  2597 | D:5      | Noticed Blork the orc
  2616 | D:5      | Slain by Blork the orc

Illustrated notes

Levels and vault maps discovered:
D:1:      onia_arrival_mini_maze_b, layout_rooms, serial_shops, shop,
          nicolae_shop_industrial_runoff, shop, shop
D:2:      layout_basic
D:3:      layout_basic
D:4:      layout_rooms, mainiacjoe_overflow_surrounded_room, okawaru_trees_1
D:5:      layout_cave_pods, serial_column_ruins, column_ruins_temple_circle,
          column_ruins_hut, column_ruins_corridor_straight,
          column_ruins_columns_straight, column_ruins_grid_1, uniq_menkaure,
          uniq_blork_the_orc

Skill      XL: |  1  2  3  4 |
---------------+-------------+-----
Ranged Weapons | 5 6 |  6.3
Stealth        | 1 |  1.0
Fighting       | 3 |  3.6
Armour         | 1 |  1.2
Dodging        | |  2.6

Action                     |  1- 3 |  4- 6 || total
---------------------------+-------+-------++-------
   Fire: Shortbow          |   135 |    77 ||   212
    Use: Scroll            |     4 |     4 ||     8
 Armour: Leather armour    |    29 |       ||    29
         Chain mail        |       |    31 ||    31
  Dodge: Dodged            |    42 |    21 ||    63

Table legend: (Time is in decaauts)
 A = Elapsed time spent in this place.
 B = Non-inter-level travel time spent in this place.
 C = Inter-level travel time spent in this place.
 D = Time resting spent in this place.
 E = Time spent auto-exploring this place.
 F = Levels seen in this place.
 G = Mean time per level.
                   A        B        C        D        E       F      G
               +--------+--------+--------+--------+--------+-----+--------+
         Total |   2684 |   2155 |    529 |     60 |   1623 |   5 |  536.8 |
       Dungeon |   2684 |   2155 |    529 |     60 |   1623 |   5 |  536.8 |
               +--------+--------+--------+--------+--------+-----+--------+

Top non-repeatable levels by time:
     D:3: 925 daAuts
     D:2: 719 daAuts
     D:1: 563 daAuts
     D:4: 434 daAuts
     D:5: 42 daAuts
